 Dungeon Crawl Stone Soup version 0.31-a0-925-g0a390f2509 (webtiles) character file.

Game seed: 5107502229300894724

501 lunkers the Grappler (level 7, -4/52 HPs)
             Began as a Meteoran Shapeshifter on Oct 18, 2023.
             Slain by a bullfrog (6 damage)
             ... in a sewer.
             The game lasted 00:03:41 (1142 turns).

lunkers the Grappler (Meteoran Shapeshifter)        Turns: 1142, Time: 00:03:42

Health: -4/52      AC:  5    Str: 17    XL:     7   Next: 68%
Magic:  8/8        EV: 11    Int: 11    God:
Gold:   125        SH:  0    Dex: 15    Spells: 6/6 levels left

rFire   . .          .
                       - Unarmed
rCold   . . .        (no shield)
rNeg    . . .        f - +0 ring mail
rPois   .            (helmet currently unavailable)
rElec   .            (cloak currently unavailable)
rCorr   .            (gloves currently unavailable)
SInv    .            (boots currently unavailable)
Will    .....        (no amulet)
Stlth   +            (no ring)
HPRegen 0.28/turn    (no ring)
MPRegen 0.11/turn

%: no passive effects
@: beast-form, glowing
A: beast (slay +3), sense surroundings 1, otherworldly, glowing, explore regen
a: Begin Untransformation


You were in a sewer.
You were a hulking beast.
You visited 1 branch of the dungeon, and saw 3 of its levels.
You also visited: Sewer.

You collected 125 gold pieces.

Inventory:

Armour
 a - a +0 animal skin
 f - a +0 ring mail (worn)
Talismans
 c - a beast talisman (active)
 d - a flux talisman
Wands
 k - a wand of flame (2)
Scrolls
 e - 2 scrolls of fear {unknown}
 g - 3 scrolls of identify {unknown}
 j - a scroll of revelation {unknown}
 n - a scroll of noise {unknown}
Potions
 h - a potion of resistance {unknown}
 i - a potion of might {unknown}
 l - a potion of degeneration {unknown}
 m - a potion of mutation {unknown}


   Skills:
 - Level 1.1 Fighting
 - Level 2.1 Dodging
 * Level 8.0 Unarmed Combat
 + Level 5.9 Shapeshifting


You had 6 spell levels left.
You didn't know any spells.
Your spell library contained the following spells:

 Spells                   Type           Power      Damage    Failure   Level
 Sandblast                Erth           0%         2d4       54%         1
 Passwall                 Tmut/Erth      0%         N/A       69%         2
 Stone Arrow              Conj/Erth      0%         3d7       89%         3
 Brom's Barrelling Bould  Conj/Erth      0%         2d3       100%        4


Dungeon Overview and Level Annotations

Branches:
Dungeon (3/15) Zot: 902     Sewer (1/1) Zot: 306

Altars:
Trog


Innate Abilities, Weirdness & Mutations

You are a hulking beast.
Your limbs bulge with bestial killing power. (Slay +3)
You passively map a small area around you.
You are easily found by Zot.
You glow in the dark.
You regain HP and MP as you explore.


Message History

The giant cockroach bites you but does no damage.
The bullfrog misses you. The bullfrog hits you!
* * * LOW HITPOINT WARNING * * *
It was a potion of heal wounds.
You feel much better. The bullfrog hits you.
* * * LOW HITPOINT WARNING * * *
The giant cockroach barely misses you. The bullfrog barely misses you.
The bullfrog hits you!
* * * LOW HITPOINT WARNING * * *
The giant cockroach bites you but does no damage.
You hit the bullfrog.
The bullfrog is heavily wounded.
The bullfrog hits you.
* * * LOW HITPOINT WARNING * * *
The bullfrog hits you.
* * * LOW HITPOINT WARNING * * *
The giant cockroach bites you but does no damage.
You punch the bullfrog!
You kill the bullfrog!
The bullfrog closely misses you.
The giant cockroach bites you but does no damage.
Your Unarmed Combat skill increases to level 8!
Unknown command.
You hit the bullfrog.
The bullfrog is lightly wounded.
The bullfrog barely misses you. The bullfrog hits you.
* * * LOW HITPOINT WARNING * * *
The giant cockroach barely misses you.
You punch the bullfrog!
The bullfrog is moderately wounded.
The bullfrog barely misses you. The giant cockroach bites you.
* * * LOW HITPOINT WARNING * * *
You hit the bullfrog.
The bullfrog is heavily wounded.
The bullfrog hits you!
* * * LOW HITPOINT WARNING * * *
You punch the bullfrog!
The bullfrog is almost dead.
The bullfrog completely misses you. The giant cockroach closely misses you.
The bullfrog hits you.
You die...

#.~#.~##~~~#####~~~##..#
##.##~~#~.†##≈≈≈##~~~#~.##
#†~#~†.#~~##≈≈~≈≈##~~#.~~#
#~.#~###~~#≈≈.~~≈≈#~~##†.#
#~.#~#~~.##≈~~..≈≈##†~#~~#
#~~#~#∩~~#≈.~~~~~≈≈#~~#.~#
#~~#~#~~~#≈~.~~.~≈≈#~~#~~#
#~~#.##.~#...~B!~~≈#~.#~~#
#~~#~~#~~#~~~Fh!.~≈#~~#.~#
#~.#~~#†.#~~~$$[.~≈#~.#~.#
#~~†~~#..##†.~?.~≈##.~#~~#
#~~~.~#.~~.†.~.~~≈#~~##~.#
#~~~~~###~~~~~~.≈##~.#~~~#
#######.###~~~~≈##†~~#~~##
#.~~~†#######~†~##~~#
#~~~~~.~..~†~~~~#~~~#
##~~##~~.~.~..~##~~##


You could see a bullfrog and a giant cockroach.

Vanquished Creatures
  Grinder (D:3)
  A bullfrog (Sewer)
  An orc priest (D:3)
  Ijyb (D:3)
  An orc wizard (D:3)
  10 adders
  A dart slug (D:2)
  2 orcs (D:3)
  A bat (D:1)
  12 endoplasms
  7 giant cockroaches
  5 hobgoblins
  12 quokkas
  14 ball pythons
  4 frilled lizards (Sewer)
  2 goblins
  2 kobolds (D:1)
  3 rats
80 creatures vanquished.

Notes
Turn   | Place    | Note
-------+----------+-------------------------------------------
     0 | D:1      | lunkers the Meteoran Shapeshifter began the quest for the
                  | Orb.
     0 | D:1      | Reached XP level 1. HP: 16/16 MP: 2/2
    92 | D:1      | Reached XP level 2. HP: 23/23 MP: 3/3
   165 | D:1      | Reached skill level 4 in Unarmed Combat
   268 | D:2      | Reached XP level 3. HP: 28/28 MP: 4/4
   314 | D:2      | Reached XP level 4. HP: 35/35 MP: 5/5
   361 | D:2      | Reached skill level 5 in Unarmed Combat
   546 | D:3      | Noticed Grinder
   561 | D:3      | Killed Grinder
   562 | D:3      | Reached skill level 6 in Unarmed Combat
   562 | D:3      | Reached skill level 5 in Shapeshifting
   562 | D:3      | Reached XP level 5. HP: 40/40 MP: 6/6
   562 | D:3      | Reached XP level 6. HP: 47/47 MP: 7/7
   681 | D:3      | Reached skill level 7 in Unarmed Combat
   681 | D:3      | Found a bloodstained altar of Trog.
   693 | D:3      | Noticed Ijyb
   700 | D:3      | Killed Ijyb
   726 | D:3      | Reached XP level 7. HP: 52/52 MP: 8/8
   885 | D:3      | Found a glowing drain.
   889 | Sewer    | Entered a sewer
  1139 | Sewer    | Reached skill level 8 in Unarmed Combat
  1141 | Sewer    | HP: 2/52 [bullfrog (7)]
  1142 | Sewer    | Slain by a bullfrog

Illustrated notes

Levels and vault maps discovered:
D:1:      lemuel_arrival_hallway, layout_rooms, minmay_misc_feat_secret_circle
D:2:      layout_basic, grunt_decor_mini_mirrors
D:3:      layout_rooms, nicolae_dithmenos_the_darkroom, bloody_trog, tgw_sif,
          gup_sewer_entry_spiral, chequers_mini_garden, uniq_ijyb, uniq_grinder,
          uniq_jessica, uniq_terence
Sewer:    sewer_frog_island_02

Skill      XL: |  1  2  3  4  5  6  7 |
---------------+----------------------+-----
Unarmed Combat | 4 6 7 8 |  8.0
Shapeshifting  | 4 5 |  5.9
Fighting       | |  1.1
Dodging        | |  2.1

Action                     |  1- 3 |  4- 6 |  7- 9 || total
---------------------------+-------+-------+-------++-------
  Melee: Unarmed           |    52 |    38 |   129 ||   219
         Punch             |     2 |     3 |     1 ||     6
    Use: Potion            |       |     1 |     1 ||     2
 Armour: Animal skin       |    18 |       |       ||    18
         Ring mail         |     8 |    11 |    71 ||    90
         Skin              |       |     8 |       ||     8
  Dodge: Dodged            |    32 |    16 |    68 ||   116

Table legend: (Time is in decaauts)
 A = Elapsed time spent in this place.
 B = Non-inter-level travel time spent in this place.
 C = Inter-level travel time spent in this place.
 D = Time resting spent in this place.
 E = Time spent auto-exploring this place.
 F = Levels seen in this place.
 G = Mean time per level.
                   A        B        C        D        E       F      G
               +--------+--------+--------+--------+--------+-----+--------+
         Total |   1189 |   1185 |      4 |     34 |    673 |   4 |  297.2 |
       Dungeon |    897 |    893 |      4 |     34 |    547 |   3 |  299.0 |
         Sewer |    292 |    292 |      0 |      0 |    125 |   1 |  292.0 |
               +--------+--------+--------+--------+--------+-----+--------+

Top non-repeatable levels by time:
     D:3: 356 daAuts
     D:2: 352 daAuts
   Sewer: 292 daAuts
     D:1: 188 daAuts
